Canadiens vs Senators

Created - October-15-14 at 18:10

Goals
1 2 3 T
Canadiens 3 1 0 4
Senators 0 0 5 5
Shots
1 2 3 T
Canadiens 14 4 13 31
Senators 7 12 12 31

1st period

1. Canadiens , Mason Raymond 1 (Patrik Elias, Duncan Keith) at 2:37 (PP)
2. Canadiens , Jonathan Toews 1 (Jordan Eberle, Alexander Steen) at 7:52
3. Canadiens , Sven Baertschi 2 (Alexander Edler, Alexander Killorn) at 11:38

Penalties :
Jan Hejda (OTT) for Hooking (Minor) at 0:47, Alec Martinez (OTT) for Hooking (Minor) at 5:23, Chris Kunitz (MTL) for Hooking (Minor) at 18:39

2nd period

4. Canadiens , Alexander Steen 4 (Jordan Eberle, Jonathan Toews) at 13:52

Penalties :
Duncan Keith (MTL) for Roughing (Minor) at 7:58, Jan Hejda (OTT) for Hooking (Minor) at 16:18

3rd period

5. Senators , Joffrey Lupul 3 (Christian Ehrhoff, Mika Zibanejad) at 8:51
6. Senators , Mika Zibanejad 2 (Jan Hejda, James Wisniewski) at 15:18 (SH)
7. Senators , Gustav Nyquist 1 (James Neal, Sidney Crosby) at 16:57
8. Senators , Matt Moulson 1 (James Wisniewski, Jan Hejda) at 17:33
9. Senators , Joffrey Lupul 4 (Mika Zibanejad, Jared Cowen) at 18:15

Penalties :
Jordan Eberle (MTL) for Roughing (Minor) at 4:43, Jordan Eberle (MTL) for Hooking (Minor) at 8:52, Alec Martinez (OTT) for Hooking (Minor) at 14:39, Anton Volchenkov (MTL) for Slashing (Minor) at 18:32

Goalie Stats

Al Montoya (MTL), 26 saves from 31 shots - (0.839), L, 1-1-0, 60:00 minutes
Carey Price (OTT), 14 saves from 14 shots - (1.000), W, 4-1-0, 26:08 minutes
Robin Lehner (OTT), 13 saves from 17 shots - (0.765), 33:52 minutes

Players Stats for Canadiens

Player Name              G  A  P  +/- PIM S  H  SB GA TA FO     MP     PP MP  PK MP  
------------------------------------------------------------------------------------
Alexander Edler          0  1  1  -1  0   2  1  1  0  0  0/0    21:13   4:16   2:05 
Alexander Killorn        0  1  1   1  0   0  0  0  0  0  2/8    10:41   0:00   0:29 
Alexander Steen          1  1  2   0  0   5  0  2  0  0  0/1    22:54   3:24   5:31 
Anton Volchenkov         0  0  0   0  2   2  1  2  0  0  0/0    22:09   3:31   2:51 
Cam Fowler               0  0  0  -1  0   2  3  1  0  0  0/0    25:17   3:31   5:52 
Chris Kunitz             0  0  0  -1  2   1  3  0  0  0  0/0    18:30   4:23   0:30 
Duncan Keith             0  1  1  -2  2   3  1  1  0  0  0/0    24:52   4:16   3:47 
Jonathan Toews           1  1  2   0  0   4  2  0  0  0  8/22   17:23   3:24   0:00 
Jordan Eberle            0  2  2   0  4   2  1  0  0  0  0/2    17:21   3:24   0:00 
Manny Malhotra           0  0  0  -2  0   0  1  0  0  0  0/0     8:43   0:00   3:42 
Martin Erat              0  0  0  -2  0   0  2  0  0  0  0/1     5:01   0:00   0:00 
Mason Raymond            1  0  1  -1  0   3  0  0  0  0  1/3    18:01   4:23   0:00 
Michal Rozsival          0  0  0   0  0   1  1  2  0  0  0/0    11:08   0:00   0:00 
Nino Niederreiter        0  0  0   1  0   1  2  0  0  0  0/0    10:12   0:00   0:00 
Patrik Elias             0  1  1  -1  0   1  0  0  0  0  15/33  23:05   4:23   5:04 
Radko Gudas              0  0  0   0  0   2  1  3  0  0  0/0    15:19   0:00   4:11 
Saku Koivu               0  0  0  -2  0   0  0  0  0  0  2/7     8:31   0:00   3:30 
Sven Baertschi           1  0  1   1  0   2  0  0  0  0  0/0    10:12   0:00   0:00 

Players Stats for Senators

Player Name              G  A  P  +/- PIM S  H  SB GA TA FO     MP     PP MP  PK MP  
------------------------------------------------------------------------------------
Alec Martinez            0  0  0   1  4   1  0  2  0  0  0/0    20:26   3:59   1:33 
Alex Chiasson            0  0  0   2  0   0  1  0  0  0  0/0     9:10   0:00   0:00 
Brooks Orpik             0  0  0   0  0   0  1  2  0  0  0/0    12:43   0:00   4:23 
Christian Ehrhoff        0  1  1   1  0   0  0  1  0  0  0/0    19:44   4:48   0:00 
Dave Bolland             0  0  0   0  0   1  1  0  0  0  12/21  19:08   4:41   2:08 
Erik Gustafsson          0  0  0   0  0   2  0  0  0  0  0/0     7:29   4:48   0:03 
Gustav Nyquist           1  0  1  -1  0   4  0  0  0  0  1/2    21:10   3:52   0:00 
James Neal               0  1  1  -1  0   4  0  0  0  0  0/1    22:00   4:42   0:00 
James Wisniewski         0  2  2   1  0   1  2  2  0  0  0/0    24:52   4:35   3:21 
Jan Hejda                0  2  2   1  4   1  1  1  0  0  0/0    19:21   0:36   1:51 
Jared Cowen              0  1  1   0  0   1  0  1  0  0  0/0    15:21   0:00   4:23 
Joffrey Lupul            2  0  2   2  0   5  1  0  0  0  0/0    10:02   0:49   0:03 
Mark Stone               0  0  0   0  0   0  0  0  0  0  0/0     4:03   0:00   0:00 
Matt Moulson             1  0  1   0  0   3  0  0  0  0  0/0    17:00   4:41   0:00 
Mika Zibanejad           1  2  3   3  0   3  1  0  0  0  11/21  18:49   0:00   5:36 
Pavel Datsyuk            0  0  0   0  0   2  0  0  0  0  4/7    20:47   4:42   3:46 
Sidney Crosby            0  1  1  -1  0   2  0  0  0  0  21/25  22:00   4:42   0:00 
Travis Moen              0  0  0   1  0   1  1  1  0  0  0/0     8:04   0:00   4:01 

3 Stars

1 - Mika Zibanejad (OTT)
2 - Joffrey Lupul (OTT)
3 - Jonathan Toews (MTL)

Power Play

Canadiens - 1 on 4 Attempt(s) - 25.00%
Senators - 0 on 5 Attempt(s) - 0.00%

Penalty Kill

Canadiens - 5 on 5 Attempt(s) - 100.00% - Score 0 goal in Penalty Kill
Senators - 3 on 4 Attempt(s) - 75.00% - Score 1 goal in Penalty Kill

Official

Referees : Justin StPierre and TJ Luxmore
Linesman : Darren Gibbs and Steve Barton

Game Notes

Carey Price enters game at 13:52 of 2nd period

Finance

Level 1 -- Attendance: 5985 (92.08%) -- Ticket Income $598,500
Level 2 -- Attendance: 5000 (100.00%) -- Ticket Income $300,000
Level 3 -- Attendance: 3500 (100.00%) -- Ticket Income $122,500
Level 4 -- Attendance: 2973 (94.29%) -- Ticket Income $89,190
Luxury Box -- Attendance: 707 (70.70%) -- Ticket Income $176,750
Game was played at the Canadian Tire Centre
Total Attendance: 18165 (94.84%)
Total Ticket Income: $1,286,940
Other Income: $193,041
Total Income: $1,479,981

% Time on Ice - Canadiens

Lines # - Real PCT - Wanted PCT - Time Play
Normal Forward
1 - 33% - 33% - 13:59
2 - 32% - 32% - 13:38
3 - 24% - 22% - 10:12
4 - 12% - 13% - 5:01
Normal Defense
1 - 39% - 37% - 16:50
2 - 35% - 36% - 14:52
3 - 14% - 14% - 5:53
4 - 12% - 13% - 5:15
PP Forward
1 - 44% - 50% - 3:24
2 - 56% - 50% - 4:23
PP Defense
1 - 55% - 50% - 4:16
2 - 45% - 50% - 3:31
PK Forward
1 - 63% - 60% - 5:53
2 - 37% - 40% - 3:30
PK Defense
1 - 61% - 60% - 5:46
2 - 39% - 40% - 3:37
PK3 Forward
1 - 0% - 60%
2 - 0% - 40%
PK3 Defense
1 - 0% - 60%
2 - 0% - 40%
44 Forward
1 - 0% - 60%
2 - 0% - 40%
44 Defense
1 - 0% - 60%
2 - 0% - 40%
Last Minute Offensive  - 0:00
Last Minute Defensive  - 0:00
Total
Forward - 60:00
Defense - 60:00

% Time on Ice - Senators

Lines # - Real PCT - Wanted PCT - Time Play
Normal Forward
1 - 40% - 40% - 17:18
2 - 29% - 30% - 12:19
3 - 21% - 20% - 9:10
4 - 9% - 10% - 4:03
Normal Defense
1 - 40% - 38% - 16:56
2 - 35% - 32% - 14:56
3 - 19% - 20% - 8:20
4 - 6% - 10% - 2:38
PP Forward
1 - 50% - 50% - 4:42
2 - 50% - 50% - 4:41
PP Defense
1 - 49% - 50% - 4:35
2 - 51% - 50% - 4:48
PK Forward
1 - 52% - 50% - 4:01
2 - 48% - 50% - 3:46
PK Defense
1 - 44% - 50% - 3:24
2 - 56% - 50% - 4:23
PK3 Forward
1 - 0% - 50%
2 - 0% - 50%
PK3 Defense
1 - 0% - 50%
2 - 0% - 50%
44 Forward
1 - 0% - 52%
2 - 0% - 48%
44 Defense
1 - 0% - 52%
2 - 0% - 48%
Last Minute Offensive  - 0:00
Last Minute Defensive  - 0:00
Total
Forward - 60:00
Defense - 60:00

Play by Play

1st period


0:01 of 1st period - Gustav Nyquist wins face-off versus Jonathan Toews in neutral zone.
0:32 of 1st period - Shot by Jonathan Toews.
0:32 of 1st period - Shot Blocked by James Wisniewski.
0:34 of 1st period - Shot by Duncan Keith.
0:34 of 1st period - Stopped by Robin Lehner with a rebound.
0:47 of 1st period - Minor Penalty to Jan Hejda for Hooking.
0:48 of 1st period - Patrik Elias wins face-off versus Mika Zibanejad in Senators zone.
1:17 of 1st period - Shot by Patrik Elias.
1:17 of 1st period - Shot Misses the Net.
1:19 of 1st period - Shot by Patrik Elias.
1:19 of 1st period - Shot Misses the Net.
1:21 of 1st period - Shot by Alexander Edler.
1:21 of 1st period - Stopped by Robin Lehner without a rebound.
1:22 of 1st period - Pavel Datsyuk wins face-off versus Jonathan Toews in Senators zone.
1:33 of 1st period - Shot by Alexander Steen.
1:33 of 1st period - Deflect By Jordan Eberle.
1:33 of 1st period - Stopped by Robin Lehner with a rebound.
2:00 of 1st period - Icing by Jordan Eberle.
2:01 of 1st period - Dave Bolland wins face-off versus Jonathan Toews in Canadiens zone.
2:37 of 1st period - Shot by Mason Raymond.
2:37 of 1st period - Goal by Mason Raymond - Canadiens : 1 - Senators : 0.
2:38 of 1st period - Sidney Crosby wins face-off versus Alexander Killorn in neutral zone.
2:44 of 1st period - James Neal is hit by Michal Rozsival and loses puck.
3:19 of 1st period - Off-side.
3:20 of 1st period - Patrik Elias wins face-off versus Dave Bolland in neutral zone.
3:27 of 1st period - Shot by Patrik Elias.
3:27 of 1st period - Stopped by Robin Lehner without a rebound.
3:28 of 1st period - Pavel Datsyuk wins face-off versus Patrik Elias in Senators zone.
3:51 of 1st period - Shot by Patrik Elias.
3:51 of 1st period - Shot Blocked by Brooks Orpik.
4:43 of 1st period - Shot by Alexander Steen.
4:43 of 1st period - Shot Misses the Net.
5:08 of 1st period - Off-side.
5:09 of 1st period - Sidney Crosby wins face-off versus Saku Koivu in neutral zone.
5:18 of 1st period - Sidney Crosby is hit by Manny Malhotra and loses puck.
5:22 of 1st period - Icing by Sidney Crosby.
5:23 of 1st period - Alexander Killorn wins face-off versus Sidney Crosby in Senators zone.
5:23 of 1st period - Minor Penalty to Alec Martinez for Hooking.
5:24 of 1st period - Patrik Elias wins face-off versus Pavel Datsyuk in Senators zone.
5:24 of 1st period - Duncan Keith is hit by Jan Hejda.
6:02 of 1st period - Shot by Alexander Edler.
6:02 of 1st period - Stopped by Robin Lehner without a rebound.
6:03 of 1st period - Pavel Datsyuk wins face-off versus Jonathan Toews in Senators zone.
6:03 of 1st period - Pavel Datsyuk is hit by Jonathan Toews.
6:39 of 1st period - Shot by Cam Fowler.
6:39 of 1st period - Stopped by Robin Lehner without a rebound.
6:40 of 1st period - Dave Bolland wins face-off versus Patrik Elias in Senators zone.
7:03 of 1st period - Mason Raymond is hit by Travis Moen and loses puck.
7:13 of 1st period - Alexander Edler is hit by Dave Bolland and loses puck.
7:32 of 1st period - Shot by Nino Niederreiter.
7:32 of 1st period - Stopped by Robin Lehner with a rebound.
7:34 of 1st period - Shot by Michal Rozsival.
7:34 of 1st period - Stopped by Robin Lehner without a rebound.
7:35 of 1st period - Sidney Crosby wins face-off versus Jonathan Toews in Senators zone.
7:52 of 1st period - Shot by Jonathan Toews.
7:52 of 1st period - Goal by Jonathan Toews - Canadiens : 2 - Senators : 0.
7:53 of 1st period - Alexander Killorn wins face-off versus Mika Zibanejad in neutral zone.
7:56 of 1st period - Christian Ehrhoff is hit by Nino Niederreiter.
8:58 of 1st period - Icing by Jan Hejda.
8:59 of 1st period - Mason Raymond wins face-off versus Dave Bolland in Senators zone.
9:05 of 1st period - Mason Raymond is hit by James Wisniewski and loses puck.
9:24 of 1st period - Shot by Patrik Elias.
9:24 of 1st period - Shot Blocked by Jan Hejda.
9:26 of 1st period - Shot by Duncan Keith.
9:26 of 1st period - Shot Misses the Net.
10:02 of 1st period - Shot by Sidney Crosby.
10:02 of 1st period - Shot Misses the Net.
10:04 of 1st period - Shot by James Neal.
10:04 of 1st period - Shot Misses the Net.
10:06 of 1st period - Shot by Erik Gustafsson.
10:06 of 1st period - Shot Blocked by Duncan Keith.
10:08 of 1st period - Shot by Jared Cowen.
10:08 of 1st period - Stopped by Al Montoya without a rebound.
10:09 of 1st period - Mika Zibanejad wins face-off versus Jonathan Toews in Canadiens zone.
10:14 of 1st period - Shot by Alec Martinez.
10:14 of 1st period - Shot Misses the Net.
10:41 of 1st period - Shot by Mika Zibanejad.
10:41 of 1st period - Shot Misses the Net.
10:43 of 1st period - Shot by Travis Moen.
10:43 of 1st period - Shot Blocked by Alexander Steen.
11:20 of 1st period - Icing by Jared Cowen.
11:21 of 1st period - Sidney Crosby wins face-off versus Alexander Killorn in Senators zone.
11:38 of 1st period - Shot by Sven Baertschi.
11:38 of 1st period - Goal by Sven Baertschi - Canadiens : 3 - Senators : 0.
11:39 of 1st period - Dave Bolland wins face-off versus Mason Raymond in neutral zone.
11:57 of 1st period - Shot by Chris Kunitz.
11:57 of 1st period - Shot Hit the Post.
12:08 of 1st period - Shot by Patrik Elias.
12:08 of 1st period - Shot Misses the Net.
12:10 of 1st period - Shot by Duncan Keith.
12:10 of 1st period - Stopped by Robin Lehner without a rebound.
12:11 of 1st period - Sidney Crosby wins face-off versus Jordan Eberle in Senators zone.
12:15 of 1st period - Icing by Christian Ehrhoff.
12:16 of 1st period - Sidney Crosby wins face-off versus Jordan Eberle in Senators zone.
12:25 of 1st period - Shot by Gustav Nyquist.
12:25 of 1st period - Stopped by Al Montoya without a rebound.
12:26 of 1st period - Patrik Elias wins face-off versus Sidney Crosby in Canadiens zone.
12:35 of 1st period - Shot by Mason Raymond.
12:35 of 1st period - Stopped by Robin Lehner without a rebound.
12:36 of 1st period - Mika Zibanejad wins face-off versus Saku Koivu in Senators zone.
12:52 of 1st period - Shot by Joffrey Lupul.
12:52 of 1st period - Stopped by Al Montoya without a rebound.
12:53 of 1st period - Sidney Crosby wins face-off versus Jonathan Toews in Canadiens zone.
12:53 of 1st period - James Neal is hit by Duncan Keith and loses puck.
14:55 of 1st period - Shot by Radko Gudas.
14:55 of 1st period - Stopped by Robin Lehner without a rebound.
14:56 of 1st period - Mika Zibanejad wins face-off versus Alexander Killorn in Senators zone.
15:00 of 1st period - Mika Zibanejad is hit by Cam Fowler and loses puck.
16:04 of 1st period - Shot by Gustav Nyquist.
16:04 of 1st period - Shot Misses the Net.
16:06 of 1st period - Shot by Sidney Crosby.
16:06 of 1st period - The goal is going for a video replay.
16:06 of 1st period - The goal is refused.
16:07 of 1st period - Jonathan Toews wins face-off versus Dave Bolland in Canadiens zone.
16:12 of 1st period - Shot by Jordan Eberle.
16:12 of 1st period - Shot Misses the Net.
17:01 of 1st period - Shot by Gustav Nyquist.
17:01 of 1st period - Stopped by Al Montoya without a rebound.
17:02 of 1st period - Mika Zibanejad wins face-off versus Patrik Elias in Canadiens zone.
17:05 of 1st period - Shot by Travis Moen.
17:05 of 1st period - Shot Misses the Net.
17:18 of 1st period - Mika Zibanejad is hit by Radko Gudas and loses puck.
17:33 of 1st period - Shot by Travis Moen.
17:33 of 1st period - Stopped by Al Montoya without a rebound.
17:34 of 1st period - Saku Koivu wins face-off versus Sidney Crosby in Canadiens zone.
18:26 of 1st period - Off-side.
18:27 of 1st period - Patrik Elias wins face-off versus Mika Zibanejad in neutral zone.
18:39 of 1st period - Minor Penalty to Chris Kunitz for Hooking.
18:40 of 1st period - Dave Bolland wins face-off versus Patrik Elias in Canadiens zone.
18:59 of 1st period - Shot by Christian Ehrhoff.
18:59 of 1st period - Shot Blocked by Anton Volchenkov.
19:55 of 1st period - Shot by Alec Martinez.
19:55 of 1st period - Shot Misses the Net.
19:57 of 1st period - Shot by Sidney Crosby.
19:57 of 1st period - Shot Misses the Net.
19:59 of 1st period - Shot by James Neal.
19:59 of 1st period - Stopped by Al Montoya without a rebound.
Goals for this period are 3 for Canadiens vs 0 for Senators.
Shots for this period are 14 for Canadiens vs 7 for Senators.

2nd period


0:01 of 2nd period - Sidney Crosby wins face-off versus Patrik Elias in neutral zone.
0:04 of 2nd period - Shot by James Wisniewski.
0:04 of 2nd period - Stopped by Al Montoya without a rebound.
0:05 of 2nd period - Patrik Elias wins face-off versus Dave Bolland in Canadiens zone.
0:16 of 2nd period - Shot by Christian Ehrhoff.
0:16 of 2nd period - Shot Misses the Net.
0:18 of 2nd period - Shot by Erik Gustafsson.
0:18 of 2nd period - Stopped by Al Montoya without a rebound.
0:19 of 2nd period - Sidney Crosby wins face-off versus Patrik Elias in Canadiens zone.
0:47 of 2nd period - Alexander Killorn is hit by Brooks Orpik and loses puck.
1:19 of 2nd period - Shot by Joffrey Lupul.
1:19 of 2nd period - Stopped by Al Montoya without a rebound.
1:20 of 2nd period - Sidney Crosby wins face-off versus Mason Raymond in Canadiens zone.
1:44 of 2nd period - Shot by James Neal.
1:44 of 2nd period - Stopped by Al Montoya with a rebound.
2:06 of 2nd period - Shot by Mason Raymond.
2:06 of 2nd period - Shot Blocked by James Wisniewski.
2:31 of 2nd period - Icing by Christian Ehrhoff.
2:32 of 2nd period - Jonathan Toews wins face-off versus Dave Bolland in Senators zone.
3:03 of 2nd period - Shot by Pavel Datsyuk.
3:03 of 2nd period - Stopped by Al Montoya with a rebound.
3:05 of 2nd period - Shot by Matt Moulson.
3:05 of 2nd period - Stopped by Al Montoya without a rebound.
3:06 of 2nd period - Saku Koivu wins face-off versus Mika Zibanejad in Canadiens zone.
3:06 of 2nd period - Saku Koivu is hit by Joffrey Lupul.
3:18 of 2nd period - Shot by Manny Malhotra.
3:18 of 2nd period - Shot Misses the Net.
3:45 of 2nd period - Jared Cowen is hit by Martin Erat and loses puck.
4:04 of 2nd period - Shot by James Neal.
4:04 of 2nd period - Shot Misses the Net.
4:08 of 2nd period - Shot by Gustav Nyquist.
4:08 of 2nd period - Shot Misses the Net.
5:20 of 2nd period - Shot by Pavel Datsyuk.
5:20 of 2nd period - Deflect By Dave Bolland.
5:20 of 2nd period - Shot Blocked by Alexander Steen.
5:32 of 2nd period - Shot by Matt Moulson.
5:32 of 2nd period - Shot Misses the Net.
5:42 of 2nd period - Shot by Mika Zibanejad.
5:42 of 2nd period - Shot Misses the Net.
7:43 of 2nd period - Shot by Matt Moulson.
7:43 of 2nd period - Shot Blocked by Radko Gudas.
7:45 of 2nd period - Shot by Pavel Datsyuk.
7:45 of 2nd period - Shot Blocked by Michal Rozsival.
7:47 of 2nd period - Shot by Alec Martinez.
7:47 of 2nd period - Stopped by Al Montoya with a rebound.
7:51 of 2nd period - Shot by Pavel Datsyuk.
7:51 of 2nd period - Shot Blocked by Radko Gudas.
7:53 of 2nd period - Shot by Matt Moulson.
7:53 of 2nd period - Stopped by Al Montoya without a rebound.
7:54 of 2nd period - Mika Zibanejad wins face-off versus Saku Koivu in Canadiens zone.
7:58 of 2nd period - Minor Penalty to Duncan Keith for Roughing.
7:59 of 2nd period - Sidney Crosby wins face-off versus Patrik Elias in Canadiens zone.
8:28 of 2nd period - Shot by Erik Gustafsson.
8:28 of 2nd period - Stopped by Al Montoya without a rebound.
8:29 of 2nd period - Dave Bolland wins face-off versus Patrik Elias in Canadiens zone.
9:28 of 2nd period - Shot by James Neal.
9:28 of 2nd period - Shot Misses the Net.
10:19 of 2nd period - Shot by Patrik Elias.
10:19 of 2nd period - Shot Blocked by Jared Cowen.
10:39 of 2nd period - Shot by Joffrey Lupul.
10:39 of 2nd period - Stopped by Al Montoya with a rebound.
10:58 of 2nd period - Icing by James Wisniewski.
10:59 of 2nd period - Sidney Crosby wins face-off versus Jonathan Toews in Senators zone.
11:31 of 2nd period - Icing by Anton Volchenkov.
11:32 of 2nd period - Dave Bolland wins face-off versus Jonathan Toews in Canadiens zone.
11:35 of 2nd period - Shot by Alec Martinez.
11:35 of 2nd period - Shot Blocked by Anton Volchenkov.
11:51 of 2nd period - Off-side.
11:52 of 2nd period - Mika Zibanejad wins face-off versus Alexander Killorn in neutral zone.
11:55 of 2nd period - Michal Rozsival is hit by Mika Zibanejad and loses puck.
12:35 of 2nd period - Shot by Mika Zibanejad.
12:35 of 2nd period - Stopped by Al Montoya without a rebound.
12:36 of 2nd period - Sidney Crosby wins face-off versus Patrik Elias in Canadiens zone.
13:09 of 2nd period - Icing by Jan Hejda.
13:10 of 2nd period - Jonathan Toews wins face-off versus James Neal in Senators zone.
13:10 of 2nd period - Alexander Steen is hit by James Wisniewski.
13:32 of 2nd period - Shot by Sidney Crosby.
13:32 of 2nd period - Shot Misses the Net.
13:44 of 2nd period - Shot by Anton Volchenkov.
13:44 of 2nd period - Stopped by Robin Lehner with a rebound.
13:46 of 2nd period - Shot by Jonathan Toews.
13:46 of 2nd period - Shot Misses the Net.
13:48 of 2nd period - Shot by Jonathan Toews.
13:48 of 2nd period - Shot Misses the Net.
13:50 of 2nd period - Shot by Jordan Eberle.
13:50 of 2nd period - Stopped by Robin Lehner with a rebound.
13:52 of 2nd period - Shot by Alexander Steen.
13:52 of 2nd period - Goal by Alexander Steen - Canadiens : 4 - Senators : 0.
13:52 of 2nd period - Carey Price enters game.
13:53 of 2nd period - Patrik Elias wins face-off versus Mika Zibanejad in neutral zone.
14:07 of 2nd period - Mika Zibanejad is hit by Cam Fowler and loses puck.
14:31 of 2nd period - Travis Moen is hit by Cam Fowler and loses puck.
16:13 of 2nd period - Shot by Jonathan Toews.
16:13 of 2nd period - Shot Misses the Net.
16:18 of 2nd period - Minor Penalty to Jan Hejda for Hooking.
16:19 of 2nd period - Patrik Elias wins face-off versus Mika Zibanejad in Senators zone.
16:32 of 2nd period - Shot by Duncan Keith.
16:32 of 2nd period - Shot Misses the Net.
16:34 of 2nd period - Shot by Duncan Keith.
16:34 of 2nd period - Shot Blocked by Travis Moen.
16:36 of 2nd period - Shot by Duncan Keith.
16:36 of 2nd period - Shot Misses the Net.
16:38 of 2nd period - Shot by Mason Raymond.
16:38 of 2nd period - Stopped by Carey Price with a rebound.
17:14 of 2nd period - James Wisniewski is hit by Chris Kunitz and loses puck.
17:33 of 2nd period - James Wisniewski is hit by Jonathan Toews and loses puck.
17:54 of 2nd period - Icing by Jonathan Toews.
17:55 of 2nd period - Mika Zibanejad wins face-off versus Jonathan Toews in Canadiens zone.
18:14 of 2nd period - Shot by Pavel Datsyuk.
18:14 of 2nd period - Stopped by Al Montoya with a rebound.
18:42 of 2nd period - Shot by Sidney Crosby.
18:42 of 2nd period - Shot Misses the Net.
19:10 of 2nd period - Off-side.
19:11 of 2nd period - Patrik Elias wins face-off versus Dave Bolland in neutral zone.
19:14 of 2nd period - Pavel Datsyuk is hit by Chris Kunitz and loses puck.
19:47 of 2nd period - Shot by Pavel Datsyuk.
19:47 of 2nd period - Shot Hit the Post.
Goals for this period are 1 for Canadiens vs 0 for Senators.
Shots for this period are 4 for Canadiens vs 12 for Senators.

3rd period


0:01 of 3rd period - Sidney Crosby wins face-off versus Jonathan Toews in neutral zone.
0:14 of 3rd period - Shot by James Neal.
0:14 of 3rd period - Shot Misses the Net.
0:30 of 3rd period - Shot by Jan Hejda.
0:30 of 3rd period - Shot Misses the Net.
0:36 of 3rd period - Shot by James Wisniewski.
0:36 of 3rd period - Shot Misses the Net.
1:05 of 3rd period - Icing by Duncan Keith.
1:06 of 3rd period - Patrik Elias wins face-off versus Pavel Datsyuk in Canadiens zone.
1:17 of 3rd period - Shot by Pavel Datsyuk.
1:17 of 3rd period - Shot Misses the Net.
1:47 of 3rd period - Shot by Patrik Elias.
1:47 of 3rd period - Shot Misses the Net.
2:19 of 3rd period - Off-side.
2:20 of 3rd period - Jonathan Toews wins face-off versus Mika Zibanejad in neutral zone.
3:22 of 3rd period - Off-side.
3:23 of 3rd period - Patrik Elias wins face-off versus Gustav Nyquist in neutral zone.
3:37 of 3rd period - Icing by Cam Fowler.
3:38 of 3rd period - Patrik Elias wins face-off versus Mika Zibanejad in Canadiens zone.
3:43 of 3rd period - Shot by Chris Kunitz.
3:43 of 3rd period - Stopped by Carey Price without a rebound.
3:44 of 3rd period - Sidney Crosby wins face-off versus Alexander Killorn in Senators zone.
4:03 of 3rd period - Shot by James Neal.
4:03 of 3rd period - Shot Hit the Post.
4:43 of 3rd period - Minor Penalty to Jordan Eberle for Roughing.
4:44 of 3rd period - Dave Bolland wins face-off versus Patrik Elias in Canadiens zone.
4:59 of 3rd period - Shot by Joffrey Lupul.
4:59 of 3rd period - Shot Misses the Net.
6:28 of 3rd period - Shot by Gustav Nyquist.
6:28 of 3rd period - Shot Misses the Net.
7:37 of 3rd period - Shot by Jonathan Toews.
7:37 of 3rd period - Stopped by Carey Price without a rebound.
7:38 of 3rd period - Sidney Crosby wins face-off versus Patrik Elias in Senators zone.
7:46 of 3rd period - James Neal is hit by Alexander Edler and loses puck.
8:01 of 3rd period - Shot by James Neal.
8:01 of 3rd period - Shot Misses the Net.
8:16 of 3rd period - Gustav Nyquist is hit by Anton Volchenkov and loses puck.
8:39 of 3rd period - Shot by Joffrey Lupul.
8:39 of 3rd period - Shot Blocked by Alexander Edler.
8:49 of 3rd period - Shot by Joffrey Lupul.
8:49 of 3rd period - Shot Misses the Net.
8:51 of 3rd period - Shot by Joffrey Lupul.
8:51 of 3rd period - Goal by Joffrey Lupul - Canadiens : 4 - Senators : 1.
8:52 of 3rd period - Dave Bolland wins face-off versus Jonathan Toews in neutral zone.
8:52 of 3rd period - Minor Penalty to Jordan Eberle for Hooking.
8:53 of 3rd period - Sidney Crosby wins face-off versus Alexander Steen in Canadiens zone.
9:12 of 3rd period - Shot by Sidney Crosby.
9:12 of 3rd period - Stopped by Al Montoya without a rebound.
9:13 of 3rd period - Dave Bolland wins face-off versus Patrik Elias in Canadiens zone.
9:50 of 3rd period - Shot by Gustav Nyquist.
9:50 of 3rd period - Shot Blocked by Cam Fowler.
9:52 of 3rd period - Shot by Dave Bolland.
9:52 of 3rd period - Stopped by Al Montoya without a rebound.
9:53 of 3rd period - Patrik Elias wins face-off versus Pavel Datsyuk in Canadiens zone.
11:02 of 3rd period - Shot by Radko Gudas.
11:02 of 3rd period - Stopped by Carey Price without a rebound.
11:03 of 3rd period - Mika Zibanejad wins face-off versus Saku Koivu in Senators zone.
11:03 of 3rd period - Mika Zibanejad is hit by Martin Erat.
11:15 of 3rd period - Shot by Mika Zibanejad.
11:15 of 3rd period - Stopped by Al Montoya without a rebound.
11:16 of 3rd period - Mika Zibanejad wins face-off versus Alexander Killorn in Canadiens zone.
11:25 of 3rd period - Jan Hejda is hit by Nino Niederreiter and loses puck.
11:32 of 3rd period - Shot by Sven Baertschi.
11:32 of 3rd period - Stopped by Carey Price with a rebound.
11:52 of 3rd period - Shot by Sven Baertschi.
11:52 of 3rd period - Shot Misses the Net.
12:27 of 3rd period - Shot by Alexander Steen.
12:27 of 3rd period - Stopped by Carey Price without a rebound.
12:28 of 3rd period - Jonathan Toews wins face-off versus Dave Bolland in Senators zone.
12:35 of 3rd period - Shot by Jonathan Toews.
12:35 of 3rd period - Stopped by Carey Price without a rebound.
12:36 of 3rd period - Jonathan Toews wins face-off versus Dave Bolland in Senators zone.
12:39 of 3rd period - Shot by Alexander Steen.
12:39 of 3rd period - Stopped by Carey Price with a rebound.
12:41 of 3rd period - Shot by Alexander Steen.
12:41 of 3rd period - Shot Blocked by Christian Ehrhoff.
12:43 of 3rd period - Shot by Alexander Edler.
12:43 of 3rd period - Shot Blocked by Alec Martinez.
12:45 of 3rd period - Shot by Jonathan Toews.
12:45 of 3rd period - Stopped by Carey Price with a rebound.
12:47 of 3rd period - Shot by Jordan Eberle.
12:47 of 3rd period - Shot Misses the Net.
13:05 of 3rd period - Shot by Alexander Steen.
13:05 of 3rd period - Stopped by Carey Price without a rebound.
13:06 of 3rd period - Sidney Crosby wins face-off versus Patrik Elias in Senators zone.
13:29 of 3rd period - Shot by James Neal.
13:29 of 3rd period - Stopped by Al Montoya with a rebound.
13:39 of 3rd period - Shot by James Neal.
13:39 of 3rd period - Stopped by Al Montoya without a rebound.
13:40 of 3rd period - Jonathan Toews wins face-off versus Dave Bolland in Canadiens zone.
14:01 of 3rd period - Shot by Jordan Eberle.
14:01 of 3rd period - Shot Blocked by Alec Martinez.
14:05 of 3rd period - Shot by Anton Volchenkov.
14:05 of 3rd period - Stopped by Carey Price without a rebound.
14:06 of 3rd period - Mika Zibanejad wins face-off versus Martin Erat in Senators zone.
14:11 of 3rd period - Manny Malhotra is hit by Alex Chiasson.
14:32 of 3rd period - Shot by Martin Erat.
14:32 of 3rd period - Shot Misses the Net.
14:34 of 3rd period - Shot by Duncan Keith.
14:34 of 3rd period - Stopped by Carey Price without a rebound.
14:35 of 3rd period - Jonathan Toews wins face-off versus Sidney Crosby in Senators zone.
14:39 of 3rd period - Minor Penalty to Alec Martinez for Hooking.
14:40 of 3rd period - Pavel Datsyuk wins face-off versus Jonathan Toews in Senators zone.
14:40 of 3rd period - Pavel Datsyuk is hit by Jordan Eberle.
15:14 of 3rd period - Shot by Jan Hejda.
15:14 of 3rd period - Shot Misses the Net.
15:16 of 3rd period - Shot by Jan Hejda.
15:16 of 3rd period - Stopped by Al Montoya with a rebound.
15:18 of 3rd period - Shot by Mika Zibanejad.
15:18 of 3rd period - Goal by Mika Zibanejad - Canadiens : 4 - Senators : 2.
15:19 of 3rd period - Patrik Elias wins face-off versus Mika Zibanejad in neutral zone.
15:26 of 3rd period - Shot by Patrik Elias.
15:26 of 3rd period - Shot Blocked by Brooks Orpik.
15:28 of 3rd period - Shot by Patrik Elias.
15:28 of 3rd period - Shot Misses the Net.
15:30 of 3rd period - Shot by Patrik Elias.
15:30 of 3rd period - Shot Misses the Net.
15:32 of 3rd period - Shot by Cam Fowler.
15:32 of 3rd period - Stopped by Carey Price without a rebound.
15:33 of 3rd period - Patrik Elias wins face-off versus Mika Zibanejad in Senators zone.
16:35 of 3rd period - Shot by Jordan Eberle.
16:35 of 3rd period - Shot Misses the Net.
16:53 of 3rd period - Shot by James Neal.
16:53 of 3rd period - Shot Misses the Net.
16:57 of 3rd period - Shot by Gustav Nyquist.
16:57 of 3rd period - Goal by Gustav Nyquist - Canadiens : 4 - Senators : 3.
16:58 of 3rd period - Dave Bolland wins face-off versus Jonathan Toews in neutral zone.
17:33 of 3rd period - Shot by Matt Moulson.
17:33 of 3rd period - Goal by Matt Moulson - Canadiens : 4 - Senators : 4.
17:34 of 3rd period - Sidney Crosby wins face-off versus Patrik Elias in neutral zone.
17:43 of 3rd period - Shot by Gustav Nyquist.
17:43 of 3rd period - Shot Misses the Net.
17:49 of 3rd period - Shot by Gustav Nyquist.
17:49 of 3rd period - Shot Misses the Net.
17:51 of 3rd period - Shot by Alec Martinez.
17:51 of 3rd period - Shot Blocked by Michal Rozsival.
17:53 of 3rd period - Shot by James Neal.
17:53 of 3rd period - Shot Blocked by Radko Gudas.
17:55 of 3rd period - Shot by Gustav Nyquist.
17:55 of 3rd period - Stopped by Al Montoya without a rebound.
17:56 of 3rd period - Mika Zibanejad wins face-off versus Saku Koivu in Canadiens zone.
18:05 of 3rd period - Shot by Mika Zibanejad.
18:05 of 3rd period - Shot Misses the Net.
18:15 of 3rd period - Shot by Joffrey Lupul.
18:15 of 3rd period - Goal by Joffrey Lupul - Canadiens : 4 - Senators : 5.
18:16 of 3rd period - Sidney Crosby wins face-off versus Patrik Elias in neutral zone.
18:18 of 3rd period - Off-side.
18:19 of 3rd period - Dave Bolland wins face-off versus Patrik Elias in neutral zone.
18:19 of 3rd period - Jan Hejda is hit by Chris Kunitz.
18:32 of 3rd period - Minor Penalty to Anton Volchenkov for Slashing.
18:33 of 3rd period - Sidney Crosby wins face-off versus Patrik Elias in Canadiens zone.
19:02 of 3rd period - Shot by Alexander Steen.
19:02 of 3rd period - Stopped by Carey Price without a rebound.
19:03 of 3rd period - Dave Bolland wins face-off versus Patrik Elias in Senators zone.
Goals for this period are 0 for Canadiens vs 5 for Senators.
Shots for this period are 13 for Canadiens vs 12 for Senators.


Output by the SimonT Hockey Simulator (STHS) for Stephane Roy -- Original Page W3C XHTML 1.0 Valid
Hockey Simulator - Hockey Simulation - Hockey Manager